 Dungeon Crawl Stone Soup version 0.30-a0-782-ge64f9170bb (webtiles) character file.

Game seed: 5068539667277013383

1892 112233 the Nimble (level 8, -2/38 HPs)
             Began as a Felid Conjurer on Feb 27, 2023.
             Was an Initiate of Jiyva.
             Slain by a komodo dragon (17 damage)
             ... on level 1 of the Pits of Slime.
             The game lasted 00:22:17 (13372 turns).

112233 the Nimble (Felid Conjurer)                 Turns: 13372, Time: 00:22:17

Health: -2/38      AC:  2    Str:  3    XL:     8   Next: 93%
Magic:  15/21      EV: 24    Int: 23    God:    Jiyva [......]
Gold:   379        SH:  0    Dex: 16    Spells: 8/23 levels left
                                        Lives:  0   Deaths: 2

rFire   . . .      SeeInvis +    (weapon unavailable)
rCold   . . .      Faith    .    (shield unavailable)
rNeg    + . .      Spirit   .    (body armour unavailable)
rPois   +          Reflect  .    (helmet unavailable)
rElec   .          Harm     .    (cloak unavailable)
rCorr   .          Rampage  .    (gloves unavailable)
Will    +....                    (boots unavailable)
Stlth   +++                      (no amulet)
HPRegen 0.26/turn                q - ring of poison resistance
MPRegen 0.17/turn                o - ring of positive energy

@: very slightly contaminated, quick
A: very small, claws 1, fangs 3, see invisible, speed 1, shaggy fur 2, stealthy
paws, no weapons or thrown items, no armour, multi-lived
a: Renounce Religion


You were on level 1 of the Pits of Slime.
You worshipped Jiyva.
Jiyva was noncommittal.
You visited 4 branches of the dungeon, and saw 15 of its levels.

You collected 379 gold pieces.

Inventory:

Jewellery
 l - a +5 ring of evasion
 o - a ring of positive energy (right paw)
 q - a ring of poison resistance (left paw)
Scrolls
 a - a scroll of acquirement {unknown}
 b - a scroll of silence {unknown}
 d - 7 scrolls of teleportation
 e - a scroll of enchant weapon {unknown}
 g - a scroll of vulnerability {unknown}
 h - a scroll of poison {unknown}
 t - a scroll of fear {unknown}
 u - 2 scrolls of immolation
Potions
 f - 3 potions of curing
 k - a potion of lignification
 p - 3 potions of brilliance
 r - a potion of ambrosia {unknown}


   Skills:
 + Level 5.9 Fighting
 + Level 11.1 Dodging
 + Level 4.3 Stealth
 + Level 8.4 Spellcasting
 + Level 4.2 Conjurations
 - Level 7.8 Hexes
 - Level 7.9 Translocations


You had 8 spell levels left.
You knew the following spells:

 Your Spells              Type           Power      Damage    Failure   Level
a - Magic Dart            Conj           100%       1d8       1%          1
b - Searing Ray           Conj           58%        2d6       1%          2
c - Iskenderun's Mystic   Conj/Tloc      37%        2d9       5%          4
d - Fulminant Prism       Conj/Hex       18%        3d11      5%          4
e - Passage of Golubria   Tloc           46%        N/A       2%          4

Your spell library contained the following spells:

 Spells                   Type           Power      Damage    Failure   Level
 Slow                     Hex            100%       N/A       1%          1
 Dazzling Flash           Conj/Hex       74%        N/A       1%          3
 Foxfire                  Conj/Fire      76%        2x1d7     2%          1
 Necrotise                Necr           36%        1d5       7%          1
 Sting                    Tmut/Pois      36%        1d4       7%          1
 Hailstorm                Conj/Ice       19%        3d6       9%          3
 Poisonous Vapours        Pois/Air       18%        N/A       10%         2
 Vampiric Draining        Necr           9%         2d6       21%         3
 Silence                  Hex/Air        13%        N/A       36%         5
 Ice Form                 Ice/Tmut       9%         N/A       54%         4
 Olgreb's Toxic Radiance  Pois           9%         N/A       54%         4
 Agony                    Necr           9%         N/A       88%         5
 Simulacrum               Ice/Necr       4%         N/A       100%        6
 Lehudib's Crystal Spear  Conj/Erth      9%         10d4      100%        8


Dungeon Overview and Level Annotations

Branches:
Dungeon (8/15)             Temple (1/1) D:4            Lair (5/5) D:8
  Slime (1/5) Lair:5
  Swamp: Lair:2-3    Shoals: Lair:2-3     Snake: Lair:2-3    Spider: Lair:2-3

Altars:
Ashenzari
Cheibriados
Dithmenos
Fedhas
Hepliaklqana
Makhleb
Nemelex Xobeh
Okawaru
Qazlal
Ru
Sif Muna
Trog
Uskayaw
Wu Jian
Xom
Yredelemnul
Zin
The Shining One
Jiyva

Shops:
D:7 (

Annotations:
D:3 exclusion: downstairs, Sigmund
D:4 exclusion: downstairs
D:5 2 runed translucent doors
D:7 exclusion: upstairs
Lair:1 exclusion: 2 downstairs
Lair:2 exclusion: upstairs


Innate Abilities, Weirdness & Mutations

You have sharp claws.
You have razor-sharp teeth.
You have supernaturally acute eyesight. (SInv)
You cover ground quickly. (Speed+)
You are covered in thick fur. (AC +2)
Your paws help you pounce on unaware monsters.
You are incapable of wielding weapons or throwing items.
You cannot wear armour.
You gain extra lives every three experience levels.


Message History

The slime creature hits the komodo dragon!
Acid dripping from the walls corrodes you.
The slime creature barely misses the komodo dragon.
The slime creature barely misses the komodo dragon.
Aiming: Throw Flame
Press: ? - help, Shift-Dir - straight line, f - komodo dragon
Aim: a komodo dragon (lightly wounded, 77% to hit)
The puff of flame hits the komodo dragon.
The komodo dragon is moderately wounded.
The now-empty wand crumbles to dust.
Unknown command.
Casting: Searing Ray (safe; 1% risk of failure)
Confirm with . or Enter, or press ? or * to list all spells.
You can't see any susceptible monsters within range! (Use Z to cast anyway.) Unknown command.
Casting: Searing Ray (safe; 1% risk of failure)
Confirm with . or Enter, or press ? or * to list all spells.
Okay, then.
Casting: Searing Ray (safe; 1% risk of failure)
Confirm with . or Enter, or press ? or * to list all spells.
Aiming: Searing Ray (safe; 1% risk of failure)
Press: ? - help, Shift-Dir - straight line, f/p - komodo dragon
Aim: a komodo dragon (moderately wounded, 85% to hit)
The searing ray hits the komodo dragon!
The komodo dragon is heavily wounded. (Press . to maintain the ray.) Unknown command.
Casting: Searing Ray (safe; 1% risk of failure)
Confirm with . or Enter, or press ? or * to list all spells.
The spell is quite dangerous to miscast (5% risk of failure)!
Continue anyway? [Y]es or [N]o only, please.
The spell is quite dangerous to miscast (5% risk of failure)!
Continue anyway?
You miscast Iskenderun's Mystic Blast.
You are very lightly contaminated with residual magic.
The air around you crackles with energy.
* * * LOW HITPOINT WARNING * * *
Unknown command.
Okay, then.
You feel better. The komodo dragon bites you!
You die...

## #......
#.##......
........ .....##
#####...#.##
##..#.......#
#####....G.<.....
##..#JJ.J..J......
#@l....J.....###..
##..#.....#.## #
######..#### ####


You could see a komodo dragon and 4 neutral slime creatures (fellow slime).

Vanquished Creatures
  A cane toad (Lair:4)
  A rime drake (Lair:1)
  4 blink frogs
  7 yaks
  A basilisk (Lair:4)
  4 water moccasins
  A sky beast (D:7)
  An ice beast (D:7)
  A black bear (D:8)
  6 wolves (Lair:1)
  An ogre (D:5)
  A phantom (D:5)
  2 centaurs (D:8)
  9 bullfrogs
  2 necrophages
  2 scorpions
  7 wights (D:8)
  A water moccasin zombie (D:5)
  A bullfrog zombie (D:5)
  6 hounds
  A gnoll bouda (D:7)
  2 orc priests (D:5)
  2 jellies
  Terence (D:3)
  2 iguanas
  A scorpion zombie (D:5)
  8 orc wizards
  A hound zombie (D:5)
  A howler monkey zombie (D:5)
  10 gnolls
  2 adders
  A shadow imp (D:5)
  2 white imps
  An ufetubus (D:7)
  3 worms
  5 dart slugs
  21 orcs
  6 ball pythons
  5 endoplasms
  4 giant cockroaches
  7 goblins
  6 hobgoblins
  4 jackals (D:2)
  10 kobolds
  2 quokkas
  7 bats
  4 frilled lizards
  8 rats
186 creatures vanquished.

Vanquished Creatures (others)
  A water moccasin (Lair:4)
  A jelly (Lair:5)
  7 fulminant prisms
  58 fungi
  48 plants
115 creatures vanquished.

Grand Total: 301 creatures vanquished

Notes
Turn   | Place    | Note
-------+----------+-------------------------------------------
     0 | D:1      | 112233 the Felid Conjurer began the quest for the Orb.
     0 | D:1      | Reached XP level 1. HP: 7/7 MP: 4/4
   293 | D:1      | Reached skill level 3 in Dodging
   296 | D:1      | Reached XP level 2. HP: 11/11 MP: 1/6
   321 | D:1      | Learned a level 2 spell: Searing Ray
   897 | D:1      | Reached XP level 3. HP: 14/14 MP: 4/8
  1905 | D:2      | Reached XP level 4. HP: 18/18 MP: 5/10
  2875 | D:3      | Noticed Sigmund
  3127 | D:3      | Learned a level 4 spell: Iskenderun's Mystic Blast
  3130 | D:3      | Noticed Terence
  3143 | D:3      | Killed Terence
  3144 | D:3      | Reached skill level 4 in Dodging
  3144 | D:3      | Reached XP level 5. HP: 3/21 MP: 0/12
  4003 | D:4      | Found a blossoming altar of Fedhas.
  4305 | D:4      | Found a shimmering blue altar of Sif Muna.
  4308 | D:4      | Noticed an orc warrior
  4312 | D:4      | Got Sif Muna's Directory of the Scorching Whammy
  4318 | D:4      | Found a bloodstained altar of Trog.
  4356 | D:5      | Entered Level 5 of the Dungeon
  4376 | D:4      | Reached skill level 5 in Dodging
  4668 | D:5      | Gained mutation: You are covered in thick fur. (AC +2)
                  | [Felid growth]
  4668 | D:5      | Reached XP level 6. HP: 24/24 MP: 5/14
  4940 | D:5      | Found a large runed translucent door.
  4941 | D:5      | Found a large runed translucent door.
  5070 | D:5      | Reached skill level 5 in Spellcasting
  5337 | D:5      | Reached skill level 6 in Dodging
  5486 | D:5      | Found a basalt altar of Yredelemnul.
  5497 | D:5      | Reached XP level 7. HP: 27/27 MP: 9/16
  5594 | D:5      | Reached skill level 7 in Dodging
  5898 | D:4      | Found a staircase to the Ecumenical Temple.
  5907 | Temple   | Entered the Ecumenical Temple
  6398 | D:3      | Found a burning altar of Makhleb.
  6668 | D:4      | You fall into a shaft and drop 2 floors!
  6812 | D:6      | Found a sparkling altar of Nemelex Xobeh.
  7221 | D:7      | Learned a level 4 spell: Fulminant Prism
  7325 | D:7      | Found a shadowy altar of Dithmenos.
  7333 | D:7      | Reached skill level 8 in Dodging
  7333 | D:7      | Reached skill level 1 in Hexes
  7333 | D:7      | Reached skill level 1 in Translocations
  7456 | D:7      | Reached skill level 1 in Fighting
  7456 | D:7      | Reached XP level 8. HP: 26/32 MP: 12/18
  8667 | D:7      | Reached skill level 9 in Dodging
  8877 | D:7      | Reached XP level 9. HP: 31/38 MP: 0/20
  9671 | D:7      | Found Ipup's Antique Weapon Emporium.
  9743 | D:8      | Reached skill level 5 in Translocations
  9775 | D:8      | Reached skill level 5 in Hexes
 10555 | D:8      | Reached skill level 10 in Dodging
 10752 | D:8      | Found a glowing silver altar of Zin.
 10950 | D:8      | Found a staircase to the Lair.
 11001 | Lair:1   | Entered Level 1 of the Lair of Beasts
 11232 | Lair:1   | Reached XP level 10. HP: 34/43 MP: 14/22
 11237 | Lair:1   | Reached skill level 5 in Fighting
 12016 | Lair:2   | Noticed a cane toad
 12076 | Lair:2   | Noticed a black mamba
 12100 | Lair:3   | Noticed a cane toad
 12145 | Lair:4   | Noticed a cane toad
 12149 | Lair:4   | Killed from afar by a rime drake
 12150 | Lair:4   | Reached XP level 9. HP: -4/40 MP: 6/22
 12308 | Lair:4   | Learned a level 4 spell: Passage of Golubria
 12339 | Lair:5   | Entered Level 5 of the Lair of Beasts
 12753 | Lair:5   | Noticed a komodo dragon
 12952 | Lair:4   | Killed a cane toad
 12953 | Lair:4   | Reached skill level 11 in Dodging
 13209 | Lair:4   | HP: 2/61 [blink frog (11)]
 13220 | Lair:4   | Slain by a blink frog
 13221 | Lair:4   | Reached XP level 8. HP: -2/57 MP: 3/21
 13221 | Lair:4   | Noticed a cane toad
 13312 | Lair:5   | Noticed a komodo dragon
 13321 | Lair:5   | Found a staircase to the Slime Pits.
 13321 | Lair:5   | Found a viscous altar of Jiyva.
 13324 | Lair:5   | Noticed a slime creature
 13335 | Lair:5   | Became a worshipper of Jiyva Jaud the Shapeless
 13346 | Lair:5   | Noticed a death yak
 13357 | Slime:1  | Entered Level 1 of the Pits of Slime
 13357 | Slime:1  | Noticed a shining eye
 13357 | Slime:1  | Noticed a rockslime
 13357 | Slime:1  | Noticed a slime creature
 13357 | Slime:1  | Noticed a slime creature
 13357 | Slime:1  | Noticed a slime creature
 13357 | Slime:1  | Noticed a slime creature
 13357 | Slime:1  | Noticed a slime creature
 13372 | Slime:1  | Slain by a komodo dragon

Illustrated notes

Levels and vault maps discovered:
D:1:      nzn_arrival_depleted_hourglass, layout_basic, minmay_pentomino_o2
D:2:      layout_loops_ring, serial_glass, glass_columns_c, glass_columns_a,
          due_unseen_surprise
D:3:      layout_rooms, lemuel_doored_altar, nicolae_elyvilon_temple_path,
          uniq_terence, uniq_sigmund
D:4:      layout_loops_corners, nzn_overflow_gifts_of_might_and_magic,
          fedhas_altar_3, minmay_temple_entry_gardened_gates
D:5:      minmay_evil_eye, layout_loops_ring, nicolae_yredelemnul_corpse_copse,
          jmf_multi_god_temple2
D:6:      layout_cave_pods, mainiacjoe_overflow_alcove_4,
          nemelex_xobeh_ov_fountains_minmay
D:7:      layout_loops_ring, lemuel_crystal_altar, serial_shops,
          nicolae_shop_crystal
D:8:      layout_basic, general_overflow_altar, due_lair_maze_entry_diamond
Temple:   nicolae_temple_bog_church
Lair:1:   layout_chaotic_city
Lair:2:   layout_small_grid, swamp_mist_pool, beast_lair_carwin_2
Lair:3:   layout_loops_ring, nicolae_snake_entry_warm_welcome
Lair:4:   layout_gridlike, grunt_megastairs_2
Lair:5:   evilmike_catoblepas_cave, layout_cave_shapes,
          minmay_slime_entry_pillars, chequers_serial_rivers_micro_d,
          infiniplex_staircase_pool_2, lemuel_fruit_tree
Slime:1:  layout_caves

Skill      XL: |  1  2  3  4  5  6  7  8  9 10 |
---------------+-------------------------------+-----
Dodging        | 3 4 5 6 8 9 11 | 11.1
Stealth        | 3 4 |  4.3
Spellcasting   | 3 4 5 6 7 8 |  8.4
Hexes          | 1 4 7 |  7.8
Translocations | 1 4 7 |  7.9
Fighting       | 1 3 4 5 |  5.9
Conjurations   | 4 |  4.2

Action                     |  1- 3 |  4- 6 |  7- 9 | 10-12 || total
---------------------------+-------+-------+-------+-------++-------
  Melee: Unarmed           |     4 |     2 |    17 |     3 ||    26
         Bite              |       |       |     3 |     1 ||     4
   Cast: Magic Dart        |    92 |   111 |   122 |     8 ||   333
         Searing Ray       |     2 |    22 |    92 |     8 ||   124
         Fulminant Prism   |       |       |     5 |     2 ||     7
         Iskenderun's Myst |       |       |    21 |     9 ||    30
  Evoke: Wand              |       |       |    21 |     1 ||    22
    Use: Potion            |     1 |       |    14 |     2 ||    17
         Scroll            |       |       |     8 |     3 ||    11
 Armour: Skin              |     1 |     2 |    21 |     1 ||    25
  Dodge: Dodged            |    21 |    49 |   175 |    36 ||   281

Table legend: (Time is in decaauts)
 A = Elapsed time spent in this place.
 B = Non-inter-level travel time spent in this place.
 C = Inter-level travel time spent in this place.
 D = Time resting spent in this place.
 E = Time spent auto-exploring this place.
 F = Levels seen in this place.
 G = Mean time per level.
                   A        B        C        D        E       F      G
               +--------+--------+--------+--------+--------+-----+--------+
         Total |  12329 |  11898 |    431 |   4161 |   5658 |  15 |  821.9 |
       Dungeon |   9939 |   9552 |    387 |   3004 |   5077 |   8 | 1242.4 |
        Temple |    174 |    155 |     19 |      0 |    149 |   1 |  174.0 |
          Lair |   2203 |   2179 |     24 |   1157 |    432 |   5 |  440.6 |
    Slime Pits |     12 |     12 |      0 |      0 |      0 |   1 |   12.0 |
               +--------+--------+--------+--------+--------+-----+--------+

Top non-repeatable levels by time:
     D:7: 1580 daAuts
     D:2: 1493 daAuts
     D:4: 1371 daAuts
     D:1: 1352 daAuts
     D:8: 1230 daAuts
     D:5: 1113 daAuts
     D:6: 1056 daAuts
  Lair:1: 917 daAuts
     D:3: 741 daAuts
  Lair:4: 676 daAuts
  Lair:5: 498 daAuts
  Temple: 174 daAuts
  Lair:2: 95 daAuts
  Lair:3: 15 daAuts
 Slime:1: 12 daAuts
